 Dungeon Crawl Stone Soup version 0.28.0-43-g3370ac3207 (webtiles) character file.

Game seed: 5459768047040155135

4274 crimpus the Thaumaturge (level 10, -4/45 HPs)
             Began as a Deep Elf Conjurer on Mar 10, 2022.
             Was a Follower of Vehumet.
             Slain by a two-headed ogre
             ... wielding a +0 giant club
              (25 damage)
             ... on level 9 of the Dungeon.
             The game lasted 00:25:17 (15133 turns).

crimpus the Thaumaturge (Deep Elf Conjurer)        Turns: 15133, Time: 00:25:18

Health: -4/45      AC:  7    Str:  4      XL:     10   Next: 10%
Magic:  18/28      EV: 16    Int: 17 (28) God:    Vehumet [*.....]
Gold:   361        SH:  0    Dex: 17      Spells: 31/34 levels left

rFire   . . .      SeeInvis .   d - staff of conjuration
rCold   . . .      Faith    .   (no shield)
rNeg    . . .      Spirit   .   v - +0 steam dragon scales
rPois   .          Reflect  .   (helmet restricted)
rElec   .          Harm     .   f - +0 cloak
rCorr   .          Rampage  .   (no gloves)
Will    +....                   h - +0 pair of boots
Stlth   +++.......              (no amulet)
HPRegen 0.15/turn               w - +6 ring of dexterity
MPRegen 0.21/turn               (no ring)

@: studying Shields
A: horns 1, clumsy 1, frail 1
a: Renounce Religion


You were on level 9 of the Dungeon.
You worshipped Vehumet.
Vehumet was aware of your devotion.
You visited 2 branches of the dungeon, and saw 10 of its levels.

You collected 361 gold pieces.

Inventory:

Hand Weapons
 o - a +4 vorpal short sword
 B - the +8 dagger of Mana {speed, rF+}
   (You found it on level 6 of the Dungeon)

   Attacks with this weapon are significantly faster.
   rF:        It protects you from fire.
Armour
 f - a +0 cloak (worn)
 h - a +0 pair of boots (worn)
 r - an orb of guile
 v - +0 steam dragon scales (worn)
 C - a +0 helmet
Magical Staves
 d - a staff of conjuration (weapon)
Jewellery
 j - a ring of resist corrosion
 p - a ring of flight
 w - a +6 ring of dexterity (left hand)
 G - a ring of positive energy
Wands
 a - a wand of iceblast (12)
 x - a wand of paralysis (2)
Scrolls
 b - 6 scrolls of teleportation
 g - 3 scrolls of noise
 l - 2 scrolls of silence
 n - a scroll of enchant weapon
 q - 3 scrolls of amnesia
 t - a scroll of blinking
 A - 2 scrolls of immolation
 H - a scroll of magic mapping
Potions
 c - 2 potions of might
 e - a potion of curing
 i - 2 potions of magic
 k - a potion of ambrosia
 m - 2 potions of flight
 u - a potion of resistance
 E - a potion of haste


   Skills:
 * Level 7.4 Dodging
 + Level 5.4 Stealth
 + Level 12.5 Spellcasting
 + Level 10.7 Conjurations


You had 31 spell levels left.
You knew the following spells:

 Your Spells              Type           Power      Damage    Failure   Level
a - Magic Dart            Conj           100%       1d8       1%          1
b - Searing Ray           Conj           100%       2d8       1%          2

Your spell library contained the following spells:

 Spells                   Type           Power      Damage    Failure   Level
 Sandblast                Erth           20%        2d7       7%          1
 Static Discharge         Conj/Air       43%        N/A       1%          2
 Dazzling Flash           Conj/Hex       86%        N/A       2%          3
 Flame Wave               Conj/Fire      43%        2d9       7%          4
 Fulminant Prism          Conj/Hex       21%        3d13      7%          4
 Iskenderun's Mystic Bla  Conj/Tloc      43%        2d10      7%          4
 Sticky Flame             Conj/Fire      43%        2d6       7%          4
 Scorch                   Fire           20%        2d6       10%         2
 Sublimation of Blood     Necr           10%        N/A       10%         2
 Wereblood                Tmut           10%        N/A       10%         2
 Dispel Undead            Necr           10%        3d9       54%         4
 Summon Cactus Giant      Summ           5%         N/A       100%        6
 Malign Gateway           Summ/Tloc      5%         N/A       100%        7
 Summon Hydra             Summ           5%         N/A       100%        7
 Summon Horrible Things   Summ           5%         N/A       100%        8


Dungeon Overview and Level Annotations

Branches:
Dungeon (9/15)             Temple (1/1) D:7
   Lair: D:8-11         Orc: D:9-12

Altars:
Ashenzari
Cheibriados
Dithmenos
Elyvilon
Fedhas
Gozag
Hepliaklqana
Kikubaaqudgha
Makhleb
Nemelex Xobeh
Okawaru
Qazlal
Sif Muna
Trog
Uskayaw
Vehumet
Xom
Yredelemnul
Zin
The Shining One

Shops:
D:5 *

Annotations:
D:6 3 runed translucent doors, Duder's ghost, novice MiBe; dropkickpikachu's ghost, novice DsAK; smarlow's ghost, novice DjCj


Innate Abilities, Weirdness & Mutations

You have a pair of small horns on your head.
You are clumsy. (Dex -2)
You are frail. (-10% HP)


Message History

The magic dart hits the two-headed ogre.
The two-headed ogre is lightly wounded.
You feel a surge of power!
The magic dart hits the two-headed ogre.
The two-headed ogre is moderately wounded.
You feel a surge of power!
The magic dart hits the two-headed ogre.
The two-headed ogre is moderately wounded.
Casting: Magic Dart (safe; 1% risk of failure)
Confirm with . or Enter, or press ? or * to list all spells.
Aiming: Searing Ray (safe; 1% risk of failure)
Press: ? - help, Shift-Dir - straight line, f/p - two-headed ogre
Aim: a two-headed ogre, wielding two +0 giant clubs (moderately wounded, 92% to hit)
You feel a surge of power!
The searing ray hits the two-headed ogre but does no damage.
The two-headed ogre is moderately wounded. (Press . to maintain the ray.)
The searing ray hits the two-headed ogre!
The two-headed ogre is heavily wounded.
The searing ray hits the two-headed ogre!
The two-headed ogre is severely wounded.
The two-headed ogre completely misses you.
The two-headed ogre misses you.
The searing ray hits the two-headed ogre.
The two-headed ogre is severely wounded.
You finish channelling your searing ray.
The two-headed ogre hits you with a +0 giant club! x2
Casting: Searing Ray (safe; 1% risk of failure)
Confirm with . or Enter, or press ? or * to list all spells.
Aiming: Searing Ray (safe; 1% risk of failure)
Press: ? - help, Shift-Dir - straight line, f/p - two-headed ogre
Aim: a two-headed ogre, wielding two +0 giant clubs (severely wounded, 92% to hit)
You feel a surge of power!
The searing ray hits the two-headed ogre!
The two-headed ogre is almost dead. (Press . to maintain the ray.)
The two-headed ogre closely misses you.
The two-headed ogre hits you with a +0 giant club!!
Ouch! That really hurt!
You die...

..... ... (..
... #.# #.#
#O# #@# #.#
#.# #.# #.###
#...# ###.#
....
#######.######
..Y.
.............#
..YY.


You could see a two-headed ogre.

Vanquished Creatures
  A komodo dragon (D:8)
  A troll (D:8)
  3 yaks (D:9)
  2 steam dragons
  Menkaure (D:5)
  Duvessa (D:6)
  4 water moccasins
  A hornet zombie (D:6)
  2 sky beasts
  A necrophage (D:8)
  An ogre (D:5)
  A centaur (D:7)
  A phantom (D:7)
  A kobold brigand (D:7)
  A bullfrog (D:7)
  A gnoll sergeant (D:7)
  3 scorpions
  A wyvern skeleton (D:7)
  Dowan (D:6)
  5 wights (D:8)
  2 howler monkeys (D:8)
  3 centaur zombies
  5 hounds
  A bullfrog zombie (D:5)
  A centaur skeleton (D:5)
  5 orc priests
  A bullfrog skeleton (D:6)
  Natasha (thrice) (D:3)
  2 orc wizards
  A scorpion zombie (D:5)
  4 iguanas
  2 howler monkey zombies
  A howler monkey skeleton (D:6)
  14 adders
  9 gnolls
  2 ufetubi (D:6)
  4 dart slugs
  21 orcs
  7 bats
  6 endoplasms
  4 giant cockroaches
  10 goblins
  10 hobgoblins
  8 jackals
  3 quokkas
  8 ball pythons
  8 frilled lizards
  8 kobolds
  8 rats
194 creatures vanquished.

Vanquished Creatures (others)
  13 plants (D:7)
13 creatures vanquished.

Grand Total: 207 creatures vanquished

Notes
Turn   | Place    | Note
-------+----------+-------------------------------------------
     0 | D:1      | crimpus the Deep Elf Conjurer began the quest for the Orb.
     0 | D:1      | Reached XP level 1. HP: 10/10 MP: 6/6
   100 | D:1      | Reached XP level 2. HP: 15/15 MP: 1/8
   430 | D:1      | Reached skill level 5 in Conjurations
   777 | D:1      | Reached XP level 3. HP: 19/19 MP: 7/9
   780 | D:1      | Learned a level 2 spell: Searing Ray
  2223 | D:3      | Reached XP level 4. HP: 17/24 MP: 8/11
  2547 | D:3      | Reached skill level 4 in Spellcasting
  2593 | D:3      | Reached XP level 5. HP: 25/28 MP: 5/13
  2655 | D:3      | Noticed Natasha
  2659 | D:3      | Killed Natasha
  2721 | D:3      | Noticed Natasha
  2726 | D:3      | Killed Natasha
  2917 | D:3      | Reached skill level 5 in Spellcasting
  3025 | D:3      | Identified a scroll of acquirement
  3025 | D:3      | Acquired a staff of conjuration
  3064 | D:3      | Reached XP level 6. HP: 19/32 MP: 9/15
  3662 | D:3      | Noticed Natasha
  3666 | D:3      | Killed Natasha
  3744 | D:3      | Identified the -5 helmet "Teaza" {rC- rCorr Int-3 Dex+9}
  4236 | D:4      | Noticed a steam dragon
  4279 | D:4      | Reached skill level 6 in Spellcasting
  4283 | D:4      | HP: 1/32 [steam dragon] (7)]
  4284 | D:4      | Killed a steam dragon
  4285 | D:4      | Reached XP level 7. HP: 2/36 MP: 7/18
  5745 | D:4      | You fall into a shaft and drop 3 floors!
  5759 | D:7      | Reached skill level 7 in Spellcasting
  6331 | D:7      | Reached skill level 8 in Spellcasting
  6382 | D:7      | Reached XP level 8. HP: 41/41 MP: 17/22
  7006 | D:7      | Reached skill level 9 in Spellcasting
  7067 | D:7      | Found a staircase to the Ecumenical Temple.
  7108 | Temple   | Entered the Ecumenical Temple
  7473 | Temple   | Became a worshipper of Sif Muna the Loreminder
  7974 | D:6      | Reached skill level 5 in Dodging
  8528 | D:6      | Noticed Duvessa
  8603 | D:6      | Killed Duvessa
  8604 | D:6      | Reached skill level 10 in Spellcasting
  8605 | D:6      | Noticed Dowan
  8616 | D:6      | Killed Dowan
  8776 | D:6      | Reached XP level 9. HP: 45/45 MP: 21/25
  8925 | D:6      | Found a runed translucent gate.
  8925 | D:6      | Found a runed translucent gate.
  8925 | D:6      | Found a runed translucent gate.
  8925 | D:6      | Noticed smarlow's ghost (novice DjCj)
  8926 | D:6      | Noticed Duder's ghost (novice MiBe)
  8926 | D:6      | Noticed dropkickpikachu's ghost (novice DsAK)
  8935 | D:6      | Identified the +8 dagger of Mana {speed, rF+}
  8949 | D:6      | Found a radiant altar of Vehumet.
  8956 | D:6      | Found an ancient bone altar of Kikubaaqudgha.
  8965 | D:6      | Fell from the grace of Sif Muna
  8965 | D:6      | Became a worshipper of Vehumet
  9009 | D:5      | Entered Level 5 of the Dungeon
  9274 | D:5      | Noticed Menkaure
  9285 | D:5      | Killed Menkaure
 11689 | D:5      | Reached skill level 11 in Spellcasting
 11760 | D:5      | Found Jenim's Elemental Accessories.
 12097 | D:8      | Noticed a komodo dragon
 12111 | D:8      | Killed a komodo dragon
 12112 | D:8      | Reached skill level 10 in Conjurations
 12830 | D:8      | Reached skill level 5 in Stealth
 13206 | D:8      | Reached * piety under Vehumet
 13206 | D:8      | Offered knowledge of Sandblast by Vehumet.
 13442 | D:8      | Reached skill level 12 in Spellcasting
 13712 | D:8      | Noticed a troll
 13726 | D:8      | Killed a troll
 14777 | D:9      | Gained mutation: You are frail. (-10% HP) [potion of
                  | mutation]
 14777 | D:9      | Gained mutation: You are clumsy. (Dex -2) [potion of
                  | mutation]
 14777 | D:9      | Gained mutation: You have a pair of small horns on your
                  | head. [potion of mutation]
 14867 | D:9      | Reached XP level 10. HP: 29/45 MP: 21/28
 15123 | D:9      | Noticed a two-headed ogre
 15133 | D:9      | Slain by a two-headed ogre

Illustrated notes

Levels and vault maps discovered:
D:1:      minmay_arrival_three_doors, layout_loops_ring
D:2:      layout_basic
D:3:      layout_basic, minmay_joined_circles, uniq_natasha
D:4:      minmay_chambers_of_fours, layout_loops_ring, minmay_tree_intersection
D:5:      layout_rooms, st_stairs_3, nrook_campfire, nicolae_elemental_shop,
          uniq_menkaure
D:6:      hellmonk_ruined_rings, layout_rooms, mainiacjoe_overflow_big_doors,
          gammafunk_ghost_cemetery, uniq_duvessa
D:7:      layout_basic, minmay_temple_entry_junction, grunt_decor_one_mirror,
          serial_bayou_pond_c, amcnicky_mini_pool_small,
          corexii_item_surrounded_by_moat
D:8:      minmay_inner_zag, layout_rooms
D:9:      layout_roguey
Temple:   dpeg_five_rooms_temple

Skill      XL: |  1  2  3  4  5  6  7  8  9 |
---------------+----------------------------+-----
Conjurations   | 5 6 7 9 10 | 10.7
Stealth        | 3 4 5 |  5.4
Spellcasting   | 4 5 6 8 10 12 | 12.5
Dodging        | 3 4 5 7 |  7.4

Action                   |  1- 3 |  4- 6 |  7- 9 | 10-12 || total
-------------------------+-------+-------+-------+-------++-------
Melee: Unarmed           |     2 |     7 |       |       ||     9
       Staff             |       |     1 |     3 |       ||     4
 Cast: Magic Dart        |    78 |    86 |   165 |     5 ||   334
       Searing Ray       |     5 |    14 |    68 |     3 ||    90
  Use: Scroll            |       |    11 |     6 |       ||    17
       Potion            |       |     3 |     9 |       ||    12
Armor: Robe              |     3 |     7 |     3 |       ||    13
       Steam dragon scal |       |       |    25 |     1 ||    26
Dodge: Dodged            |    17 |    21 |    97 |     5 ||   140
